 Dungeon Crawl Stone Soup version 0.31-a0-532-g28f74ba3e5 (webtiles) character file.

Game seed: 8619389626598903609

105 pokeman the Magician (level 4, -11/25 HPs)
             Began as a Deep Elf Hedge Wizard on Aug 12, 2023.
             Killed by divine providence
             ... invoked by an orc priest
              (14 damage)
             ... on level 3 of the Dungeon.
             The game lasted 00:05:09 (2428 turns).

pokeman the Magician (Deep Elf Hedge Wizard)        Turns: 2428, Time: 00:05:10

Health: -11/25     AC:  5    Str:  7    XL:     4   Next: 54%
Magic:  9/13       EV: 12    Int: 21    God:
Gold:   180        SH:  0    Dex: 14    Spells: 6/14 levels left

rFire   . . .        a - +0 dagger
rCold   . . .        (no shield)
rNeg    . . .        b - +0 robe
rPois   .            c - +0 hat
rElec   .            (no cloak)
rCorr   .            (no gloves)
SInv    .            g - +2 pair of boots
Will    .....        (no amulet)
Stlth   +            (no ring)
HPRegen 0.24/turn    (no ring)
MPRegen 0.13/turn

%: no passive effects
@: confused
A: no striking features
a: no special abilities


You were on level 3 of the Dungeon.
You visited 1 branch of the dungeon, and saw 3 of its levels.

You collected 180 gold pieces.

Inventory:

Hand Weapons
 a - a +0 dagger (weapon)
Missiles
 f - 3 curare-tipped darts
Armour
 b - a +0 robe (worn)
 c - a +0 hat (worn)
 g - a +2 pair of boots (worn)
Scrolls
 h - a scroll of teleportation {unknown}
 i - a scroll of poison {unknown}
 j - a scroll of revelation {unknown}
 m - a scroll of enchant armour {unknown}
 o - a scroll of identify {unknown}
 p - a scroll of enchant weapon {unknown}
Potions
 d - 2 potions of magic
 e - 3 potions of might {unknown}
 k - 2 potions of heal wounds {unknown}
 l - 2 potions of curing {unknown}
 n - 2 potions of invisibility {unknown}


   Skills:
 - Level 1.0 Fighting
 - Level 1.0 Armour
 + Level 2.8 Dodging
 + Level 2.8 Stealth
 * Level 5.7 Spellcasting
 + Level 2.2 Conjurations
 - Level 1.1 Summonings
 - Level 1.1 Translocations


You had 6 spell levels left.
You knew the following spells:

 Your Spells              Type           Power      Damage    Failure   Level
a - Magic Dart            Conj           60%        1d6       4%          1
b - Mephitic Cloud        Conj/Pois/Air  9%         N/A       22%         3
c - Call Imp              Summ           20%        N/A       10%         2
d - Blink                 Tloc           20%        N/A       10%         2

Your spell library contained the following spells:

 Spells                   Type           Power      Damage    Failure   Level
 Slow                     Hex            24%        N/A       10%         1
 Cigotuvi's Dreadful Rot  Necr/Pois/Air  12%        N/A       16%         2
 Wereblood                Tmut           6%         N/A       16%         2
 Irradiate                Conj/Tmut      5%         3d13      87%         5


Dungeon Overview and Level Annotations

Branches:
Dungeon (3/15)

Altars:
Trog


Message History

You open the door. 2 orc priests come into view.
The orc priest shouts!
A dart slug comes into view.
An orc wizard comes into view. It is wielding a +0 dagger.
Found 4 gold pieces.
Casting: Magic Dart (safe; 4% risk of failure)
Confirm with . or Enter, or press ? or * to list all spells.
Aiming: Magic Dart (safe; 4% risk of failure)
Press: ? - help, Shift-Dir - straight line, f - orc priest
Aim: an orc priest, wielding a +0 hand axe and wearing a +0 leather armour (100% to hit)
The magic dart hits the orc priest but does no damage.
The orc wizard shouts!
The orc priest invokes the aid of Beogh against you.
Beogh smites you!
Ouch! That really hurt!
A hobgoblin comes into view.
An orc comes into view. It is wielding a +0 hand axe.
You close the door.
The orc moves out of view.
You start resting.
An orc priest opens the door.
It is wielding a +0 hand axe.
Casting: Magic Dart (safe; 4% risk of failure)
Confirm with . or Enter, or press ? or * to list all spells.
Aiming: Mephitic Cloud (extremely dangerous; 22% risk of failure)
Press: ? - help, Shift-Dir - straight line, f/p - orc priest
Aim: an orc priest, wielding a +0 hand axe and wearing a +0 leather armour (chance to affect: 86%)
The ball explodes into a vile cloud!
The stinking cloud engulfs the orc priest but does no damage. x2
The stinking cloud engulfs you but does no damage.
The orc shouts!
The hobgoblin shouts!
You are engulfed in noxious fumes.
You choke on the stench!
You are confused.
The orc priest mumbles some strange prayers to Beogh against you.
Beogh smites you!
* * * LOW HITPOINT WARNING * * *
The orc priest is engulfed in noxious fumes.
The orc priest calls down the wrath of Beogh upon you.
Beogh smites you!
Ouch! That really hurt!
You die...

#.........#
+....o....+
.........
...og.. ..w..
○o. #o# #@# #.#
##.## ##...##
#.....# ##...##
#.##.###.#######
#...............
####.###.#######


You could see 2 orc priests, an orc wizard, a dart slug, an orc and a hobgoblin.

Vanquished Creatures
  An orc wizard (D:3)
  3 adders (D:2)
  An adder skeleton (D:2)
  An adder zombie (D:2)
  A dart slug (D:2)
  2 orcs (D:3)
  3 ball pythons (D:1)
  4 endoplasms
  2 giant cockroaches (D:1)
  6 goblins
  4 hobgoblins
  2 kobolds
  2 quokkas
  A ball python skeleton (D:2)
  4 bats
  A frilled lizard (D:3)
  6 rats
44 creatures vanquished.

Notes
Turn   | Place    | Note
-------+----------+-------------------------------------------
     0 | D:1      | pokeman the Deep Elf Hedge Wizard began the quest for the
                  | Orb.
     0 | D:1      | Reached XP level 1. HP: 10/10 MP: 7/7
   326 | D:1      | Reached XP level 2. HP: 16/16 MP: 4/9
   923 | D:1      | Reached skill level 5 in Spellcasting
  1190 | D:2      | Reached XP level 3. HP: 20/20 MP: 2/11
  1205 | D:2      | Learned a level 3 spell: Mephitic Cloud
  1208 | D:2      | Learned a level 2 spell: Call Imp
  1211 | D:2      | Learned a level 2 spell: Blink
  1323 | D:2      | Reached skill level 1 in Fighting
  1534 | D:2      | Reached skill level 1 in Armour
  1580 | D:2      | Found a faded altar of an unknown god.
  1889 | D:2      | Reached XP level 4. HP: 25/25 MP: 7/13
  2234 | D:3      | Found a bloodstained altar of Trog.
  2428 | D:3      | Killed from afar by an orc priest

Illustrated notes

Levels and vault maps discovered:
D:1:      dpeg_arrival_round_b, layout_rooms, serial_glass, glass_columns_a,
          glass_columns_c
D:2:      layout_rooms, nicolae_ecumenical_oubliette, serial_undead,
          serial_undead_d, serial_undead_e, serial_undead_e, serial_undead_e,
          nicolae_elevator_lobby_plus
D:3:      layout_loops_corners, marbit_many_paths, st_stairs_1

Skill      XL: |  1  2  3 |
---------------+----------+-----
Spellcasting   | 5 |  5.7
Fighting       | 1 |  1.0
Armour         | 1 |  1.0
Conjurations   | 2 |  2.2
Dodging        | |  2.8
Stealth        | |  2.8
Summonings     | |  1.1
Translocations | |  1.1

Action                     |  1- 3 |  4- 6 || total
---------------------------+-------+-------++-------
  Melee: Dagger            |    17 |    23 ||    40
   Cast: Magic Dart        |   106 |    14 ||   120
         Mephitic Cloud    |       |     4 ||     4
         Call Imp          |       |     2 ||     2
   Stab: Confused          |       |     2 ||     2
 Armour: Robe              |     6 |     9 ||    15
  Dodge: Dodged            |    23 |    14 ||    37

Table legend: (Time is in decaauts)
 A = Elapsed time spent in this place.
 B = Non-inter-level travel time spent in this place.
 C = Inter-level travel time spent in this place.
 D = Time resting spent in this place.
 E = Time spent auto-exploring this place.
 F = Levels seen in this place.
 G = Mean time per level.
                   A        B        C        D        E       F      G
               +--------+--------+--------+--------+--------+-----+--------+
         Total |   2428 |   2388 |     40 |    126 |   1936 |   3 |  809.3 |
       Dungeon |   2428 |   2388 |     40 |    126 |   1936 |   3 |  809.3 |
               +--------+--------+--------+--------+--------+-----+--------+

Top non-repeatable levels by time:
     D:2: 1029 daAuts
     D:1: 1024 daAuts
     D:3: 375 daAuts
